 Dungeon Crawl Stone Soup version 0.17-a0-1701-gf693a3f (webtiles) character file.

2193 Rationalist the Chopper (level 9, -5/126 (127) HPs)
             Began as a Naga Berserker on Aug 20, 2015.
             Was a Priest of Trog.
             Slain by a hill giant
             ... wielding a +0 giant club
              (8 damage)
             ... on level 6 of the Dungeon on Aug 21, 2015.
             The game lasted 00:16:35 (6318 turns).

Rationalist the Chopper (Naga Berserker)            Turns: 6318, Time: 00:16:35

HP:   -5/126 (127)  AC:  7    Str: 37    XL:     9   Next: 34%
MP:   9/9           EV: 12    Int:  7    God:    Trog [***...]
Gold: 206           SH:  0    Dex: 13    Spells: 0 memorised, 8 levels left

rFire  . . .     SeeInvis +     z - +0 hand axe (chop)
rCold  . . .     Clarity  .     F - +1 leather armour "Vesag" {-Tele Str+6 SInv} (curse)
rNeg   . . .     SustAt   .     (no shield)
rPois  +         Gourm    .     (no helmet)
rElec  .         Spirit   .     y - +0 cloak {rPois}
rCorr  .         Warding  .     (no gloves)
rMut   .         NoTele   +     (no barding)
MR     +....                    (no amulet)
Stlth  ..........               L - ring of flight
                                d - +5 ring of strength

@: berserking, quick, somewhat resistant to hostile enchantments, extremely
unstealthy
A: see invisible, deformed body, poison resistance, slowness 2, slow metabolism
1, spit poison 2, AC +3
a: Spit Poison, Burn Spellbooks, Berserk, Trog's Hand, Renounce Religion, Evoke
Flight


You were on level 6 of the Dungeon.
You worshipped Trog.
Trog was most pleased with you.
You were not hungry.

You visited 1 branch of the dungeon, and saw 6 of its levels.

You collected 206 gold pieces.

Inventory:

Hand weapons
 a - a +0 blowgun
 r - a +2 arbalest of freezing
 z - a +0 hand axe of chopping (weapon)
 C - a +1 war axe of freezing
 K - a +2 hunting sling of flaming
Missiles
 s - 20 sling bullets
 D - 22 poisoned needles
 J - 7 bolts
Armour
 i - the +2 chain mail of the Hanged Man {+Fly rN++ MR+ Slay-5, unknown}
   (You found it on level 4 of the Dungeon)

   It affects your accuracy and damage with ranged weapons and melee attacks
   (-5).
   It greatly protects you from negative energy.
   It affects your resistance to hostile enchantments.
   It lets you fly.
 y - a +0 cloak of poison resistance (worn)
 F - the cursed +1 leather armour "Vesag" (worn) {-Tele Str+6 SInv}
   (You found it on level 4 of the Dungeon)

   It affects your strength (+6).
   It lets you see invisible.
   It prevents most forms of teleportation.
   It has a curse placed upon it.
Jewellery
 d - a +5 ring of strength (left hand)
 p - an uncursed ring of ice
 A - an uncursed ring of protection from cold
 L - a ring of flight (right hand)
Magical devices
 H - a wand of draining (2)
 M - a wand of frost (0)
 Q - a wand of paralysis (15)
Scrolls
 m - a scroll of enchant armour {unknown}
 o - 2 scrolls of noise
 t - a scroll of teleportation {unknown}
 u - a scroll of random uselessness {unknown}
 v - a scroll of enchant weapon {unknown}
 w - a scroll of amnesia {unknown}
 B - 2 scrolls of recharging
 G - 2 scrolls of blinking {unknown}
 I - a scroll of magic mapping {unknown}
Potions
 e - a potion of ambrosia
 f - 2 potions of magic
 g - 3 potions of curing
 h - a potion of lignification
 j - 2 potions of haste
 k - 5 potions of agility
 n - a potion of heal wounds {unknown}
 q - 2 potions of flight
 E - 2 potions of poison {unknown}
 O - a potion of invisibility {unknown}
Comestibles
 b - 6 fruits
 c - 8 bread rations
 l - 2 meat rations
 x - a slice of pizza
 N - a beef jerky
 P - 3 chunks of flesh


   Skills:
 + Level 6.4 Fighting
 + Level 7.0 Axes
 + Level 3.8 Armour
 + Level 6.1 Dodging
 + Level 3.5 Stealth


You had 8 spell levels left.
You didn't know any spells.

Dungeon Overview and Level Annotations

Branches:
Dungeon (6/15)             Temple (0/1) D:4

Altars:
Ashenzari
Dithmenos
Makhleb
Okawaru
Qazlal
Sif Muna
Vehumet
Yredelemnul
The Shining One


Innate Abilities, Weirdness & Mutations

You cannot wear boots.
Your serpentine skin is tough (AC +3).
You have supernaturally acute eyesight.
Armour fits poorly on your strangely shaped body.
Your system is resistant to poisons.
You cover ground very slowly.
You have a slow metabolism.
You can spit poison.


Message History

The hill giant is moderately wounded.
The hill giant hits you with a giant club!
You hit the hill giant.
The hill giant is heavily wounded.
You hit the hill giant but do no damage.
The hill giant is heavily wounded.
The hill giant hits you with a giant club!!
* * * LOW HITPOINT WARNING * * *
Use which ability? (? or * to list)
A red film seems to cover your vision as you go berserk!
You feel yourself moving faster!
You feel mighty!
You feel somewhat more hungry.
The hill giant hits you with a giant club!
* * * LOW HITPOINT WARNING * * *
You hit the hill giant.
The hill giant is heavily wounded.
You slash the hill giant!
The hill giant is severely wounded.
The hill giant hits you with a giant club!
You die...

##### ########...#
.........#.####
########......## ##
###.###..###. #
#............
####.#########......≈...§.
..........).........≈≈..§.
#.....@.).......≈≈≈≈.§.
#..###C..##.....≈≈§≈§.. #.
#.###......≈≈§≈§≈.. # #.#
#...≈≈≈≈≈§§≈≈. ...
#.≈≈≈≈≈≈§≈≈≈≈≈ ..#
#....≈≈§≈≈≈≈≈≈ #..
.#....≈§≈≈≈≈≈≈ ##
...≈≈≈≈≈≈≈≈ ..≈≈≈≈.≈≈


You could see a hill giant.

Vanquished Creatures
  Pikel (D:4)
  The ghost of emikaela the Stinger, an average FoVM of Elyvilon (D:3)
  2 orc warriors
  An ice beast (D:5)
  2 phantoms (D:4)
  A necrophage (D:5)
  4 ogres
  A scorpion (D:4)
  A hound (D:4)
  5 crimson imps
  3 orc wizards
  Crazy Yiuf (D:2)
  A gnoll shaman (D:4)
  3 orc priests
  A worker ant (D:4)
  2 hound skeletons
  7 adders
  3 gnolls (D:4)
  2 worms
  An adder skeleton (D:6)
  3 giant geckos
  17 orcs
  6 giant cockroaches
  12 goblins
  11 hobgoblins
  5 jackals
  2 ball pythons
  11 bats
  10 giant newts
  8 kobolds
  2 rats (D:1)
130 creatures vanquished.

Vanquished Creatures (others)
  A worker ant (D:4)
  A giant cockroach (D:4)
  A jackal (D:4)
  5 toadstools (D:1)
8 creatures vanquished.

Grand Total: 138 creatures vanquished

Notes
Turn   | Place    | Note
--------------------------------------------------------------
     0 | D:1      | Rationalist the Naga Berserker began the quest for the Orb.
     0 | D:1      | Reached XP level 1. HP: 21/21 MP: 1/1
   189 | D:1      | Reached XP level 2. HP: 8/28 MP: 2/2
   665 | D:1      | Upgraded the game from 0.17-a0-1691-g18a3847 to 0.17-a0-1701-gf693a3f
   688 | D:1      | Reached XP level 3. HP: 31/34 MP: 3/3
   730 | D:1      | Acquired Trog's second power
  1344 | D:2      | Found a shadowy altar of Dithmenos.
  1441 | D:2      | Found a stormy altar of Qazlal.
  1557 | D:2      | Found an iron altar of Okawaru.
  1572 | D:2      | Reached XP level 4. HP: 32/42 MP: 4/4
  2037 | D:2      | Noticed Crazy Yiuf
  2042 | D:2      | Killed Crazy Yiuf
  2680 | D:3      | Reached XP level 5. HP: 47/49 MP: 5/5
  2683 | D:3      | Reached skill level 1 in Stealth
  2848 | D:3      | Found a basalt altar of Yredelemnul.
  2848 | D:3      | Found a glowing golden altar of the Shining One.
  2852 | D:3      | Noticed an angel
  2858 | D:3      | Noticed a profane servitor
  2907 | D:3      | Noticed emikaela's ghost (average FoVM)
  2919 | D:3      | Killed emikaela's ghost
  2919 | D:3      | Reached skill level 4 in Fighting
  2919 | D:3      | Reached XP level 6. HP: 46/57 MP: 6/6
  3044 | D:3      | Found a deep blue altar of Sif Muna.
  3129 | D:4      | Got an encrusted leather armour
  3146 | D:4      | Identified the cursed +1 leather armour "Vesag" {-Tele Str+6 SInv} (You found it on level 4 of the Dungeon)
  3178 | D:4      | Got a slimy chain mail
  3304 | D:4      | Reached XP level 7. HP: 30/64 MP: 7/7
  3308 | D:4      | Found a staircase to the Ecumenical Temple.
  3888 | D:4      | Reached skill level 5 in Fighting
  3927 | D:4      | Reached skill level 5 in Axes
  4037 | D:4      | Reached XP level 8. HP: 34/74 MP: 8/8
  4342 | D:4      | Reached skill level 5 in Dodging
  4665 | D:4      | Noticed Pikel
  4677 | D:4      | Killed Pikel
  4677 | D:4      | Reached skill level 6 in Axes
  5052 | D:5      | Entered Level 5 of the Dungeon
  5102 | D:5      | Reached XP level 9. HP: 81/81 MP: 9/9
  5418 | D:5      | Found a shattered altar of Ashenzari.
  5655 | D:5      | Found a radiant altar of Vehumet.
  5693 | D:5      | Found a burning altar of Makhleb.
  6217 | D:6      | Reached skill level 7 in Axes
  6302 | D:6      | Noticed a hill giant
  6316 | D:6      | HP: 2/126 [hill giant/giant club (14)]
  6318 | D:6      | Slain by a hill giant

Vault maps used:
D:1:      ldierk_walled_garden, hex_medium
D:2:      lemuel_doored_altar, okawaru_ov_weapons_minmay,
          grunt_dithmenos_smoke_and_mirrors, uniq_crazy_yiuf_cottage
D:3:      grunt_temple_overflow_holy_war, led_sif_book
D:4:      minmay_temple_entry_trees, first_bread, uniq_pikel
D:5:      grunt_temple_overflow_lords_of_destruction,
          cheibrodos_ashenzari_chains
D:6:      gammafunk_temple_overflow_elements, lemuel_old_faithful, uniq_duvessa

Action                   |  1- 3 |  4- 6 |  7- 9 || total
-------------------------+-------+-------+-------++-------
Melee: Hand axe          |   111 |    72 |   121 ||   304
       War axe           |       |    46 |    71 ||   117
Invok: Berserk           |     2 |     4 |     6 ||    12
       Trog's Hand       |       |       |     1 ||     1
  Use: Scroll            |       |     3 |     3 ||     6
       Potion            |       |       |     5 ||     5
 Stab: Sleeping          |       |       |     3 ||     3
  Eat: Chunk             |     3 |     9 |    14 ||    26
